 Dungeon Crawl Stone Soup version 0.32-a0-931-g5a2cda0630 (webtiles) character file.

Game seed: 3795366170058884779

0 JAYMINE the Grasshopper (level 1, -6/20 HPs)
             Began as a Gnoll Warper on Apr 14, 2024.
             Mangled by a goblin
             ... wielding a +1 dagger of distortion
              (22 damage)
             ... on level 1 of the Dungeon.
             The game lasted 00:00:32 (60 turns).

JAYMINE the Grasshopper (Gnoll Warper)                Turns: 60, Time: 00:00:33

Health: -6/20      AC:  3    Str: 10    XL:     1   Next: 10%
Magic:  6/6        EV: 11    Int: 12    God:
Gold:   7          SH:  0    Dex: 11    Spells: 9/9 levels left

rFire   . . .        a - +0 short sword
rCold   . . .        (no shield)
rNeg    . . .        b - +0 leather armour
rPois   .            (no helmet)
rElec   .            (no cloak)
rCorr   .            (no gloves)
SInv    .            (no boots)
Will    .....        (no amulet)
Stlth   +            (no ring)
HPRegen 0.23/turn    (no ring)
MPRegen 0.10/turn

%: no passive effects
@: no status effects
A: fangs 1, strong nose, distributed training
a: no special abilities


You were on level 1 of the Dungeon.
You visited 1 branch of the dungeon, and saw 1 of its levels.

You collected 7 gold pieces.

Inventory:

Hand Weapons
 a - a +0 short sword (weapon)
Missiles
 d - 7 darts of dispersal (quivered)
Armour
 b - a +0 leather armour (worn)
Scrolls
 c - a scroll of blinking


   Skills:
 + Level 4.4 Fighting
 + Level 4.4 Short Blades
 + Level 0.0 Long Blades
 + Level 0.0 Axes
 + Level 0.0 Maces & Flails
 + Level 0.0 Polearms
 + Level 0.0 Staves
 + Level 0.0 Ranged Weapons
 + Level 2.3 Throwing
 + Level 2.3 Armour
 + Level 4.4 Dodging
 + Level 0.0 Stealth
 + Level 0.0 Shields
 + Level 0.0 Unarmed Combat
 + Level 4.8 Spellcasting
 + Level 0.0 Conjurations
 + Level 0.0 Hexes
 + Level 0.0 Summonings
 + Level 0.0 Necromancy
 + Level 5.3 Translocations
 + Level 0.0 Fire Magic
 + Level 0.0 Ice Magic
 + Level 0.0 Air Magic
 + Level 0.0 Earth Magic
 + Level 0.0 Alchemy
 + Level 0.0 Invocations
 + Level 0.0 Evocations
 + Level 0.0 Shapeshifting


You had 9 spell levels left.
You didn't know any spells.
Your spell library contained the following spells:

 Spells                   Type           Power      Damage    Failure   Level
 Blink                    Tloc           30%        N/A       4%          2
 Lesser Beckoning         Tloc           30%        N/A       4%          2
 Maxwell's Portable Pile  Tloc           15%        2d(6-18)  9%          3
 Teleport Other           Tloc           15%        N/A       9%          3
 Vhi's Electric Charge    Tloc/Air       18%        N/A       65%         4


Dungeon Overview and Level Annotations

Branches:
Dungeon (1/15)

Altars:


Innate Abilities, Weirdness & Mutations

You have very sharp teeth.
Your uncanny sense of smell can sniff out nearby items.
Your experience applies equally to all skills.


Message History

Welcome, JAYMINE the Gnoll Warper.
A smirking vizier told you that the Orb of Zot is just within this dungeon.
Press ? for a list of commands and other information.
Found a staircase leading out of the dungeon.
You open the door.
A goblin comes into view. It is wielding a +0 club.
There is an open door here.
The goblin shouts!
You hit the goblin.
The goblin is severely wounded.
You hit the goblin but do no damage.
The goblin is severely wounded.
The goblin misses you.
You barely miss the goblin. You bite the goblin.
You kill the goblin!
You open the door.
Found 6 stones.
There is an open door here.
There is an open door here.
Found 7 gold pieces.
You now have 7 gold pieces.
A goblin comes into view.
It is wielding a +1 dagger of distortion.
The goblin shouts!
You miss the goblin. The goblin hits you but does no damage.
Space warps around you.
You barely miss the goblin. Your bite misses the goblin. You hit the goblin.
The goblin is moderately wounded.
The goblin hits you with a +1 dagger of distortion.
Space warps horribly around you!!
Ouch! That really hurt!
You die...

### #..
#.#
#.#∆
#.# #@#
##g####
#.....#
#.#.#.#
#.#.#.#
#.#...#
#.###.#
#.###.#
#.....#


You could see a goblin.

Vanquished Creatures
  A goblin (D:1)
1 creature vanquished.

Notes
Turn   | Place    | Note
-------+----------+-------------------------------------------
     0 | D:1      | JAYMINE the Gnoll Warper began the quest for the Orb.
     0 | D:1      | Reached XP level 1. HP: 20/20 MP: 6/6
    60 | D:1      | Mangled by a goblin

Illustrated notes

Levels and vault maps discovered:
D:1:      dpeg_arrival_rooms_b, layout_loops_cross,
          ebering_ecumenical_altar_box, grunt_decor_mini_mirrors,
          feat_on_display

Action                     || total
---------------------------++-------
  Melee: Short sword       ||     6
         Bite              ||     1
 Armour: Leather armour    ||     2
  Dodge: Dodged            ||     1

Table legend: (Time is in decaauts)
 A = Elapsed time spent in this place.
 B = Non-inter-level travel time spent in this place.
 C = Inter-level travel time spent in this place.
 D = Time resting spent in this place.
 E = Time spent auto-exploring this place.
 F = Levels seen in this place.
 G = Mean time per level.
                   A        B        C        D        E       F      G
               +--------+--------+--------+--------+--------+-----+--------+
         Total |     58 |     58 |      0 |      0 |      0 |   1 |   58.0 |
       Dungeon |     58 |     58 |      0 |      0 |      0 |   1 |   58.0 |
               +--------+--------+--------+--------+--------+-----+--------+

Top non-repeatable levels by time:
     D:1: 58 daAuts
